 Dungeon Crawl Stone Soup version 0.30-a0-748-ge6a52f7cba (webtiles) character file.

Game seed: 12245781362510775932

44 GuildmasterMusic the Covered (level 3, -1/33 HPs)
             Began as a Minotaur Fighter on Feb 8, 2023.
             Killed by divine providence
             ... invoked by an orc priest
              (13 damage)
             ... on level 3 of the Dungeon.
             The game lasted 00:02:42 (1435 turns).

GuildmasterMusic the Covered (Minotaur Fighter)     Turns: 1435, Time: 00:02:42

Health: -1/33      AC:  8    Str: 22    XL:     3   Next: 41%
Magic:  2/2        EV:  9    Int:  5    God:
Gold:   71         SH:  4    Dex:  9    Spells: 2/2 levels left

rFire   . . .      SeeInvis .    a - +0 war axe
rCold   . . .      Faith    .    c - +0 buckler
rNeg    . . .      Spirit   .    b - +0 scale mail
rPois   .          Reflect  .    (helmet restricted)
rElec   .          Harm     .    (no cloak)
rCorr   .          Rampage  .    k - +0 pair of gloves
Will    .....                    (no boots) Stlth
                                 (no amulet)
HPRegen 0.25/turn                (no ring)
MPRegen 0.08/turn                (no ring)

@: no status effects
A: horns 2, retaliatory headbutt
a: no special abilities


You were on level 3 of the Dungeon.
You visited 1 branch of the dungeon, and saw 3 of its levels.

You collected 71 gold pieces.

Inventory:

Hand Weapons
 a - a +0 war axe (weapon)
Missiles
 e - 3 boomerangs (quivered)
Armour
 b - a +0 scale mail (worn)
 c - a +0 buckler (worn)
 k - a +0 pair of gloves (worn)
Scrolls
 f - a scroll of enchant weapon {unknown}
 h - a scroll of teleportation
 i - a scroll of noise
 j - a scroll of fear {unknown}
 n - a scroll of fog {unknown}
Potions
 d - a potion of might
 g - 3 potions of heal wounds
 l - 2 potions of curing
 m - a potion of magic


   Skills:
 + Level 4.0 Fighting
 * Level 3.4 Axes
 + Level 4.1 Armour
 + Level 4.0 Shields


You had 2 spell levels left.
You didn't know any spells.
Your spell library contained the following spells:

 Spells                   Type           Power      Damage    Failure   Level
 Ensorcelled Hibernation  Hex/Ice        0%         N/A       95%         2
 Spider Form              Tmut/Pois      0%         N/A       99%         3
 Anguish                  Hex/Necr       0%         N/A       100%        4


Dungeon Overview and Level Annotations

Branches:
Dungeon (3/15)

Altars:
Trog

Shops:
D:3 (


Innate Abilities, Weirdness & Mutations

You have a pair of horns on your head.
You reflexively headbutt those who attack you in melee.


Message History

You closely miss the orc priest.
The orc wizard shouts!
The orc priest hits you but does no damage.
The orc priest calls down the wrath of Beogh upon you.
Beogh smites you!
An orc comes into view. It is wielding a +0 hand axe.
You are too confused!
You bump into the crystal wall.
The orc shouts!
The ball python barely misses you. The ball python grabs you.
The ball python constricts you.
The orc wizard mumbles some strange words.
The orc wizard flickers and vanishes!
Deactivating autopickup; reactivate with Ctrl-A.
The orc priest miscasts a cantrip.
You hear a shout!
You bump into the crystal wall.
The ball python bites you but does no damage.
The ball python constricts you.
An orc priest comes into view. It is wielding a +0 club.
An orc comes into view. It is wielding a +0 hand axe.
The orc priest shouts!
You hit the orc. Your headbutt misses the orc.
The orc is heavily wounded.
You closely miss the ball python. You hit the orc priest.
The ball python bites you but does no damage.
The ball python constricts you. The orc hits you but does no damage.
The orc wizard gestures wildly while chanting.
The orc wizard flickers and vanishes!
The orc priest hits you but does no damage.
The ball python bites you but does no damage.
The ball python constricts you.
You miss the orc.
The orc is heavily wounded.
You hit the orc priest. You hit the ball python.
You kill the ball python!
You feel less confused.
The orc priest mumbles some strange prayers to Beogh against you.
Beogh smites you!
You die...

... .......
........... ##.
....o...... ....
..... ... ..#..
....$.#...#...>.
...#o..#(#......
.......{.....# ..
##..#†#..### ...
#..#o@o#....
....#............
....#....##........
..........###......
..........## ......
...........# ....
...........##...#
............#.#
........).....#


You could see 2 orc priests and 2 orcs.

Vanquished Creatures
  An adder (D:2)
  2 ball pythons
  3 endoplasms
  2 giant cockroaches (D:1)
  3 goblins (D:2)
  3 hobgoblins (D:2)
  3 kobolds
  2 quokkas
  7 bats
  3 frilled lizards
  3 rats (D:1)
32 creatures vanquished.

Notes
Turn   | Place    | Note
-------+----------+-------------------------------------------
     0 | D:1      | GuildmasterMusic the Minotaur Fighter began the quest for
                  | the Orb.
     0 | D:1      | Reached XP level 1. HP: 19/19 MP: 0/0
   323 | D:1      | Reached XP level 2. HP: 27/27 MP: 1/1
  1031 | D:2      | Reached XP level 3. HP: 33/33 MP: 2/2
  1081 | D:2      | Found a bloodstained altar of Trog.
  1420 | D:3      | Found Nyewom's Weapon Shop.
  1435 | D:3      | Killed from afar by an orc priest

Illustrated notes

Levels and vault maps discovered:
D:1:      onia_arrival_mini_spirals, layout_basic
D:2:      layout_loops_cross, basic_altar
D:3:      layout_rooms, serial_shops, nicolae_shop_advertising_works
          [nicolae_subvault_shop_adworks]

Skill      XL: |  1  2  3 |
---------------+----------+-----
Axes           | 3 |  3.4
Armour         | 4 |  4.1
Fighting       | 4 |  4.0
Shields        | 4 |  4.0

Action                     || total
---------------------------++-------
  Melee: War axe           ||    63
         Headbutt          ||     9
    Use: Scroll            ||     5
 Armour: Scale mail        ||    41
  Dodge: Dodged            ||    27
  Block: Buckler           ||    14

Table legend: (Time is in decaauts)
 A = Elapsed time spent in this place.
 B = Non-inter-level travel time spent in this place.
 C = Inter-level travel time spent in this place.
 D = Time resting spent in this place.
 E = Time spent auto-exploring this place.
 F = Levels seen in this place.
 G = Mean time per level.
                   A        B        C        D        E       F      G
               +--------+--------+--------+--------+--------+-----+--------+
         Total |   1458 |   1417 |     41 |      0 |   1171 |   3 |  486.0 |
       Dungeon |   1458 |   1417 |     41 |      0 |   1171 |   3 |  486.0 |
               +--------+--------+--------+--------+--------+-----+--------+

Top non-repeatable levels by time:
     D:1: 834 daAuts
     D:2: 566 daAuts
     D:3: 58 daAuts
